 Dungeon Sprint DCSS version 0.26-a0-694-g74916bafe0 (webtiles) character file.

Game seed: 5757856448823281293

38866 ANON1729 the Imperceptible (level 14, -10/98 HPs)
             Began as a Kobold Brigand on Oct 25, 2020.
             Was the Champion of Wu Jian.
             Mangled by a shambling mangrove (16 damage)
             ... in the Dungeon (Sprint IX: "|||||||||||||||||||||||||||||").
             The game lasted 00:20:00 (8080 turns).

ANON1729 the Imperceptible (Kobold Brigand)         Turns: 8080, Time: 00:20:00

Health: -10/98     AC:  7    Str:  8    XL:     14   Next: 36%
Magic:  14/14      EV: 28    Int: 13    God:    Wu Jian [******]
Gold:   1817       SH:  0    Dex: 21    Spells: 13/13 levels left

rFire    . . .     SeeInvis .   K - +3 quick blade
rCold    + . .     Faith    .   (shield restricted)
rNeg     + . .     Spirit   .   G - +2 robe
rPois    +         Reflect  .   (no helmet)
rElec    .         Harm     .   c - +0 cloak
rCorr    .         Rampage  .   s - +0 pair of gloves
MR       +....     NoTele   +   t - +0 pair of boots
Stlth    +++++++++.             (no amulet)
HPRegen  0.26/turn              E - ring "Pallatul" {rPois rF+ rN+}
MPRegen  0.14/turn              J - ring of ice

@: grasped by roots, constricted
A: small, nightstalker 3
a: Wall Jump, Serpent's Lash, Heavenly Storm, Renounce Religion


You were in the Dungeon.
You worshipped Wu Jian.
Wu Jian was exalted by your worship.
You visited 1 branch You collected 1949 gold pieces.
You spent 132 gold pieces at shops.

Inventory:

Hand Weapons
 a - a +2 dagger
 p - a +2 rapier of venom
 D - a +0 dagger of distortion
 K - a +3 quick blade (weapon)
Missiles
 d - 7 poisoned darts (quivered)
Armour
 c - a +0 cloak (worn)
 s - a +0 pair of gloves (worn)
 t - a +0 pair of boots (worn)
 A - +0 ice dragon scales
 B - the +3 hat of Pondering {ponderous, MR+ MP+10 Int+5}
   (You took it off Gastronok in the Dungeon)

   It affects your intelligence (+5).
   It affects your resistance to hostile enchantments.
   It affects your magic capacity (+10).
 G - a +2 robe (worn)
Jewellery
 b - an uncursed ring of fire
 q - a +2 ring of evasion
 r - a +3 ring of strength
 E - the ring "Pallatul" (left hand) {rPois rF+ rN+}
   (You bought it in a shop in the Dungeon)

   [ring of positive energy]

   It protects you from fire.
   It protects you from poison.
   It protects you from negative energy.
 H - an uncursed ring of fire
 I - an uncursed ring of protection from fire
 J - a ring of ice (right hand)
Wands
 o - a wand of iceblast (1)
 z - a wand of random effects (16)
 C - a wand of flame (22)
Scrolls
 k - 2 scrolls of blinking
 m - 7 scrolls of remove curse
 n - 2 scrolls of amnesia
 w - a scroll of fear
 x - a scroll of fog
 y - 2 scrolls of enchant weapon
Potions
 f - 4 potions of curing
 g - 3 potions of heal wounds
 h - 5 potions of haste
 i - 4 potions of magic
 j - 2 potions of berserk rage
 l - a potion of invisibility
 u - 2 potions of brilliance
 v - a potion of resistance


   Skills:
 + Level 15.1 Fighting
 * Level 23.1 Short Blades
 + Level 15.0 Throwing
 + Level 16.1 Dodging
 * Level 24.9 Stealth
 + Level 10.8 Evocations


You had 13 spell levels left.
You didn't know any spells.
Your spell library was empty.

Dungeon Overview and Level Annotations

Branches:
Dungeon (1/1)

Altars:
Cheibriados
Dithmenos
Elyvilon
Fedhas
Gozag
Hepliaklqana
Kikubaaqudgha
Makhleb
Nemelex Xobeh
Okawaru
Qazlal
Ru
Sif Muna
Trog
Uskayaw
Vehumet
Wu Jian
Xom
Yredelemnul
Zin
The Shining One
Beogh
Jiyva
Lugonu

Shops:
D *[(:


Innate Abilities, Weirdness & Mutations

You are small and have problems with some larger weapons.
You are completely attuned to the shadows.


Message History

The eight-headed hydra bites you!
The eight-headed hydra completely misses you.
The eight-headed hydra misses you.
The eight-headed hydra completely misses you. x2
Roots burst forth from the earth!
The grasping roots grab you! The grasping roots constrict you!
The roots' grasp on you weakens, but your attempt to escape fails.
The eight-headed hydra closely misses you.
The eight-headed hydra misses you.
The eight-headed hydra completely misses you. x2
The eight-headed hydra bites you!
* * * LOW HITPOINT WARNING * * *
The eight-headed hydra completely misses you. x2
The eight-headed hydra bites you!
* * * LOW HITPOINT WARNING * * *
You escape the roots' grasp.
Roots burst forth from the earth!
The grasping roots grab you!
You die...

♣†♣.▓.▓.▓∩▓.▓.▓.▓[
♣.♣.▓.▓.▓.▓.▓.▓.▓.
♣.♣.▓.▓.▓∩▓.▓.▓.▓.
♣'♣.▓.▓.▓.▓.▓.▓.▓.
▓f▓.▓.▓.▓.▓.▓.▓.▓)
▓.▓.▓(▓.▓.▓.▓.▓.▓.
▓D▓.▓'▓.▓.▓.▓.▓.▓.
▓.▓.▓.▓.▓)▓.▓'▓.▓'
▓@▓.▓.▓.▓'▓.▓.▓.▓_
▓)▓.▓.▓.▓.▓.▓.▓.▓_
▓.▓.▓.▓.▓)▓.▓.▓.▓_
▓)▓.▓.▓.▓)▓.▓.▓.▓_
▓)▓.▓.▓.▓)▓.▓.▓.▓_
▓'▓.▓.▓.▓)▓.▓.▓.▓_
▓)▓.▓.▓.▓)▓.▓.▓.▓_
▓)▓.▓.▓.▓)▓.▓.▓.▓_
▓)▓.▓)▓.▓)▓.▓.▓.▓_


You could see a shambling mangrove and an eight-headed hydra.

Vanquished Creatures
  Gastronok (D)
  Aizul (D)
  4 stone giants (D)
  Nessos (D)
  An entropy weaver (D)
  An ettin (D)
  A merfolk impaler (D)
  A hydra (D)
  2 naga warriors (D)
  A centaur warrior (D)
  Erica (D)
  A two-headed ogre (D)
  7 orc high priests (D)
  A naga sharpshooter (D)
  A sea snake (D)
  A wizard (D)
  2 lindwurms (D)
  11 orc knights (D)
  An ugly thing (D)
  A wolf spider (D)
  A cyclops (D)
  2 manticores (D)
  2 guardian serpents (D)
  A naga mage (D)
  2 torpor snails (D)
  2 black mambas (D)
  A merfolk siren (D)
  Psyche (D)
  3 cane toads (D)
  3 komodo dragons (D)
  3 merfolk (D)
  An efreet (D)
  2 tyrant leeches (D)
  2 jumping spiders (D)
  3 hornets (D)
  4 blink frogs (D)
  2 slime creatures (D)
  A snapping turtle (D)
  2 redbacks (D)
  A wyvern (D)
  A tarantella (D)
  A yak (D)
  3 basilisks (D)
  A vampire mosquito (D)
  A naga (D)
  A water moccasin (D)
  2 swamp drakes (D)
  An ice beast (D)
  10 orc warriors (D)
  An ogre (D)
  4 bullfrogs (D)
  A scorpion (D)
  A quasit (D)
  4 orc wizards (D)
  2 orc priests (D)
  A jelly (D)
  A worker ant (D)
  An ufetubus (D)
  An ooze (D)
  5 worms (D)
  2 leopard geckos (D)
  6 orcs (D)
  2 bat skeletons (D)
  2 goblins (D)
  A hobgoblin (D)
  A quokka (D)
  A frilled lizard (D)
  2 giant cockroach zombies (D)
140 creatures vanquished.

Notes
Turn   | Place    | Note
-------+----------+-------------------------------------------
     0 | D        | ANON1729 the Kobold Brigand began the quest for the Orb.
     0 | D        | Reached XP level 1. HP: 12/12 MP: 1/1
    15 | D        | Reached XP level 2. HP: 13/18 MP: 2/2
    21 | D        | Reached skill level 6 in Stealth
   105 | D        | Noticed a scorpion
   111 | D        | Killed a scorpion
   111 | D        | Reached skill level 5 in Short Blades
   111 | D        | Reached skill level 7 in Stealth
   111 | D        | Reached XP level 3. HP: 24/24 MP: 3/3
   111 | D        | Reached XP level 4. HP: 29/29 MP: 4/4
   124 | D        | Found a roughly hewn altar of Beogh.
   124 | D        | Found a snail-covered altar of Cheibriados.
   124 | D        | Found a shadowy altar of Dithmenos.
   125 | D        | Found a white marble altar of Elyvilon.
   126 | D        | Found a blossoming altar of Fedhas.
   127 | D        | Found an opulent altar of Gozag.
   128 | D        | Found a hazy altar of Hepliaklqana.
   129 | D        | Found a viscous altar of Jiyva.
   130 | D        | Found an ancient bone altar of Kikubaaqudgha.
   131 | D        | Found a corrupted altar of Lugonu.
   132 | D        | Found a burning altar of Makhleb.
   133 | D        | Found a sparkling altar of Nemelex Xobeh.
   134 | D        | Found an iron altar of Okawaru.
   135 | D        | Found a stormy altar of Qazlal.
   136 | D        | Found a sacrificial altar of Ru.
   137 | D        | Found a shimmering blue altar of Sif Muna.
   138 | D        | Found a bloodstained altar of Trog.
   139 | D        | Found a hide-covered altar of Uskayaw.
   140 | D        | Found a radiant altar of Vehumet.
   141 | D        | Found an ornate altar of the Wu Jian Council.
   142 | D        | Found a shimmering altar of Xom.
   143 | D        | Found a basalt altar of Yredelemnul.
   144 | D        | Found a glowing silver altar of Zin.
   145 | D        | Found a glowing golden altar of the Shining One.
   146 | D        | Became a worshipper of the Wu Jian Council
   188 | D        | Noticed a hornet
   189 | D        | Reached skill level 8 in Stealth
   190 | D        | Killed a hornet
   190 | D        | Reached skill level 5 in Fighting
   190 | D        | Reached skill level 5 in Throwing
   190 | D        | Reached skill level 10 in Stealth
   190 | D        | Reached XP level 5. HP: 36/36 MP: 5/5
   190 | D        | Reached XP level 6. HP: 41/41 MP: 6/6
   191 | D        | Reached * piety under Wu Jian
   192 | D        | Reached skill level 11 in Stealth
   194 | D        | Reached ** piety under Wu Jian
   196 | D        | Noticed an orc warrior
   196 | D        | Noticed an ogre
   196 | D        | Noticed a vampire mosquito
   197 | D        | Killed a vampire mosquito
   197 | D        | Reached skill level 10 in Short Blades
   197 | D        | Reached XP level 7. HP: 47/47 MP: 7/7
   198 | D        | Reached skill level 12 in Stealth
   198 | D        | Noticed a two-headed ogre
   264 | D        | Killed a two-headed ogre
   264 | D        | Reached skill level 13 in Stealth
   264 | D        | Reached XP level 8. HP: 54/54 MP: 8/8
   409 | D        | Reached *** piety under Wu Jian
   409 | D        | Reached skill level 14 in Stealth
   582 | D        | Noticed a wyvern
   582 | D        | Noticed a komodo dragon
   585 | D        | Noticed a komodo dragon
   596 | D        | Killed a komodo dragon
   596 | D        | Reached XP level 9. HP: 25/60 MP: 9/9
   613 | D        | Reached **** piety under Wu Jian
   918 | D        | Killed a komodo dragon
   918 | D        | Reached skill level 15 in Stealth
   993 | D        | Noticed a blink frog
  1039 | D        | Reached ***** piety under Wu Jian
  1045 | D        | Killed a blink frog
  1307 | D        | Noticed a blink frog
  1307 | D        | Noticed a cane toad
  1310 | D        | Noticed a komodo dragon
  1314 | D        | Reached skill level 10 in Dodging
  1314 | D        | Reached skill level 16 in Stealth
  1327 | D        | Noticed a blink frog
  1334 | D        | Killed a blink frog
  1334 | D        | Reached XP level 10. HP: 36/66 MP: 10/10
  1590 | D        | Reached skill level 15 in Short Blades
  1611 | D        | Killed a cane toad
  1644 | D        | Noticed a torpor snail
  1678 | D        | Killed a komodo dragon
  1678 | D        | Reached skill level 10 in Fighting
  1694 | D        | Killed a torpor snail
  1694 | D        | Reached ****** piety under Wu Jian
  1694 | D        | Reached skill level 10 in Throwing
  1694 | D        | Reached skill level 17 in Stealth
  1992 | D        | Noticed a cane toad
  2013 | D        | Killed a cane toad
  2343 | D        | Noticed a lindwurm
  2344 | D        | Killed a lindwurm
  2380 | D        | Noticed a lindwurm
  2383 | D        | Killed a lindwurm
  2383 | D        | Reached skill level 18 in Stealth
  2383 | D        | Reached XP level 11. HP: 73/73 MP: 11/11
  2447 | D        | Noticed Gastronok
  2450 | D        | Killed Gastronok
  2466 | D        | Noticed Psyche
  2468 | D        | Killed Psyche
  2468 | D        | Reached skill level 19 in Stealth
  2723 | D        | Noticed an orc knight
  2750 | D        | Killed an orc knight
  2835 | D        | Noticed an orc high priest
  2835 | D        | Noticed an orc knight
  2836 | D        | Killed an orc knight
  2837 | D        | Killed an orc high priest
  2837 | D        | Noticed an orc knight
  2840 | D        | Killed an orc knight
  2842 | D        | Reached skill level 20 in Stealth
  2844 | D        | Noticed an orc knight
  2861 | D        | Killed an orc knight
  2875 | D        | Reached XP level 12. HP: 67/81 MP: 12/12
  2969 | D        | Noticed an orc high priest
  2970 | D        | Killed an orc high priest
  2970 | D        | Reached skill level 1 in Evocations
  2970 | D        | Noticed an orc high priest
  3387 | D        | Killed an orc high priest
  3400 | D        | Noticed an orc high priest
  3413 | D        | Noticed a sun demon
  3414 | D        | Killed an orc high priest
  3414 | D        | Reached skill level 21 in Stealth
  3426 | D        | Noticed an orc high priest
  3430 | D        | Killed an orc high priest
  3440 | D        | Found Sudor's Book Boutique.
  3723 | D        | Noticed an orc high priest
  3740 | D        | Killed an orc high priest
  3818 | D        | Found Rugo's Antique Weapon Shop.
  3820 | D        | Found Qiosatip's Armour Boutique.
  3822 | D        | Found Vurchimp's Assorted Antiques.
  3824 | D        | Noticed an orc high priest
  3827 | D        | Killed an orc high priest
  3827 | D        | Reached skill level 5 in Evocations
  4246 | D        | Bought a flickering brass ring for 110 gold pieces
  4246 | D        | Bought a scroll labeled SUTREI GABEOTI for 22 gold pieces
  4268 | D        | Identified the ring "Pallatul" {rPois rF+ rN+} (You bought
                  | it in a shop in the Dungeon)
  4323 | D        | Noticed Erica
  4326 | D        | Killed Erica
  4427 | D        | Reached skill level 22 in Stealth
  4427 | D        | Reached XP level 13. HP: 88/88 MP: 13/13
  4548 | D        | Noticed a centaur warrior
  4565 | D        | Killed a centaur warrior
  4573 | D        | Noticed a stone giant
  4909 | D        | Killed a stone giant
  5144 | D        | Noticed a stone giant
  5204 | D        | Killed a stone giant
  5387 | D        | Noticed a stone giant
  5388 | D        | Noticed a stone giant
  5389 | D        | Noticed an ettin
  5391 | D        | Killed a stone giant
  5391 | D        | Killed a stone giant
  5391 | D        | Reached skill level 23 in Stealth
  5391 | D        | Killed an ettin
  5422 | D        | Noticed Nessos
  5423 | D        | Noticed Aizul
  5445 | D        | Killed Nessos
  5445 | D        | Reached skill level 15 in Dodging
  5592 | D        | Killed Aizul
  6043 | D        | Noticed an entropy weaver
  6045 | D        | Killed an entropy weaver
  6053 | D        | Noticed a naga warrior
  6053 | D        | Noticed a naga warrior
  6054 | D        | Killed a naga warrior
  6055 | D        | Killed a naga warrior
  6055 | D        | Reached skill level 24 in Stealth
  6056 | D        | Reached XP level 14. HP: 96/96 MP: 14/14
  6061 | D        | Reached skill level 10 in Evocations
  8058 | D        | Reached skill level 15 in Fighting
  8061 | D        | Reached skill level 15 in Throwing
  8080 | D        | Mangled by a shambling mangrove

Illustrated notes

Levels and vault maps discovered:
D:        linesprint [early_d, line_temple, items_1, d_10, items_2, lair_1,
          lair_end, items_3, orc_1, orc_end, items_4, d_15, swamp_1, shoals_1,
          snake_1, spider_1, d_20, vaults_1, items_5, swamp_end, shoals_end,
          snake_end, spider_end, vaults_end, d_27, items_6, zot_1, zot_end,
          crypt_end, forest_end, elf_end, slime_end, tomb_end, abyss_end,
          pan_hell_end]

Skill      XL: |  1  2  3  4  5  6  7  8  9 10 11 12 13 14 |
---------------+-------------------------------------------+-----
Short Blades   | 3 5 9 10 12 13 14 16 18 20 22 23 | 23.1
Dodging        | 2 3 6 8 10 11 12 14 15 16 | 16.1
Fighting       | 3 5 6 7 8 9 10 12 13 14 15 | 15.1
Throwing       | 3 5 6 7 8 9 10 12 13 14 15 | 15.0
Stealth        | 7 10 11 13 14 16 18 20 22 24 | 24.9
Evocations     | 6 9 10 | 10.8

Action                   |  1- 3 |  4- 6 |  7- 9 | 10-12 | 13-15 || total
-------------------------+-------+-------+-------+-------+-------++-------
Melee: Dagger            |    20 |    16 |     2 |    49 |     7 ||    94
       Rapier            |       |       |    85 |   251 |    61 ||   397
       Quick blade       |       |       |       |       |   147 ||   147
Throw: Dart              |       |       |    11 |     5 |    11 ||    27
Invok: Lunge             |       |     7 |     8 |    45 |    41 ||   101
       Serpent's Lash    |       |       |       |     1 |     7 ||     8
Evoke: Wand              |       |       |       |       |    16 ||    16
  Use: Potion            |       |       |     1 |     1 |     3 ||     5
       Scroll            |       |       |       |     1 |     2 ||     3
 Stab: Sleeping          |     3 |     8 |     1 |    27 |    27 ||    66
       Distracted        |       |       |     2 |     5 |     3 ||    10
Armor: Robe              |       |       |     6 |     1 |     9 ||    16
Dodge: Dodged            |     9 |     5 |    51 |   101 |   118 ||   284

Table legend: (Time is in decaauts)
 A = Elapsed time spent in this place.
 B = Non-inter-level travel time spent in this place.
 C = Inter-level travel time spent in this place.
 D = Time resting spent in this place.
 E = Time spent auto-exploring this place.
 F = Levels seen in this place.
 G = Mean time per level.
                   A        B        C        D        E       F      G
               +--------+--------+--------+--------+--------+-----+--------+
         Total |   7824 |   7360 |    464 |   4106 |   1574 |   1 | 7824.0 |
       Dungeon |   7824 |   7360 |    464 |   4106 |   1574 |   1 | 7824.0 |
               +--------+--------+--------+--------+--------+-----+--------+

Top non-repeatable levels by time:
       D: 7824 daAuts
